 Dungeon Crawl Stone Soup version 0.28.0 (webtiles) character file.

Game seed: 11847836369011409635

101 Sanktem7 the Covered (level 4, 0/41 HPs)
             Began as a Minotaur Fighter on Feb 12, 2022.
             Succumbed to SnakkuSnakku7's ghost's poison
             ... on level 4 of the Dungeon.
             The game lasted 00:04:25 (2545 turns).

Sanktem7 the Covered (Minotaur Fighter)             Turns: 2545, Time: 00:04:25

Health: 0/41       AC: 10    Str: 22    XL:     4   Next: 48%
Magic:  3/3        EV:  9    Int:  5    God:
Gold:   77         SH:  4    Dex: 10    Spells: 3/3 levels left

rFire   . . .      SeeInvis .   a - +0 war axe
rCold   . . .      Faith    .   c - +0 buckler
rNeg    . . .      Spirit   .   b - +0 scale mail
rPois   .          Reflect  .   (helmet restricted)
rElec   .          Harm     .   (no cloak)
rCorr   .          Rampage  .   f - +0 pair of gloves
Will    .....                   t - +1 pair of boots {Fly}
Stlth   ..........              (no amulet)
HPRegen 0.13/turn               (no ring)
MPRegen 0.08/turn               (no ring)

@: lethally poisoned (0 -> -33), flying
A: horns 2, retaliatory headbutt
a: no special abilities


You were on level 4 of the Dungeon.
You visited 1 branch of the dungeon, and saw 4 of its levels.

You collected 77 gold pieces.

Inventory:

Hand Weapons
 a - a +0 war axe (weapon)
Armour
 b - a +0 scale mail (worn)
 c - a +0 buckler (worn)
 f - a +0 pair of gloves (worn)
 t - a +1 pair of boots of flying (worn)
Jewellery
 l - a ring of ice
Scrolls
 e - 3 scrolls of enchant armour {unknown}
 g - a scroll of vulnerability {unknown}
 j - a scroll of teleportation {unknown}
 m - 2 scrolls of fog {unknown}
 n - a scroll of blinking {unknown}
 q - 3 scrolls of enchant weapon {unknown}
 s - a scroll of magic mapping {unknown}
 u - a scroll of amnesia {unknown}
Potions
 d - a potion of might
 h - a potion of attraction {unknown}
 i - 2 potions of curing {unknown}
 k - a potion of berserk rage {unknown}
 o - a potion of brilliance {unknown}
 p - a potion of haste {unknown}
 r - a potion of mutation {unknown}


   Skills:
 * Level 4.8 Fighting
 * Level 3.6 Axes
 * Level 4.9 Armour
 - Level 3.6 Shields


You had 3 spell levels left.
You didn't know any spells.
Your spell library contained the following spells:

 Spells                   Type           Power      Damage    Failure   Level
 Animate Skeleton         Necr           0%         N/A       87%         1
 Pain                     Necr           0%         1d4       87%         1
 Vampiric Draining        Necr           0%         2d6       99%         3


Dungeon Overview and Level Annotations

Branches:
Dungeon (4/15)
 Temple: D:4-7

Altars:
Ashenzari
Makhleb

Shops:
D:3 *   D:4 *

Annotations:
D:4 SnakkuSnakku7's ghost, novice DjGl


Innate Abilities, Weirdness & Mutations

You have a pair of horns on your head.
You reflexively headbutt those who attack you in melee.


Message History

You slash the ball python!
You kill the ball python!
Found 11 gold pieces.
SnakkuSnakku7's ghost turns its malevolent gaze towards you.
The ball python hisses angrily.
You now have 77 gold pieces (gained 5).
As you open the door, it creaks loudly!
You hear an angry hiss.
You slash the ball python!
You kill the ball python!
SnakkuSnakku7's ghost hits you but does no damage.
You are poisoned.
You barely miss SnakkuSnakku7's ghost.
You feel very sick. SnakkuSnakku7's ghost hits you.
You hit SnakkuSnakku7's ghost but do no damage.
You feel sick.
SnakkuSnakku7's ghost hits you but does no damage.
You are more poisoned.
You slash SnakkuSnakku7's ghost!
SnakkuSnakku7's ghost is lightly damaged.
You feel very sick. SnakkuSnakku7's ghost hits you.
You are more poisoned.
SnakkuSnakku7's ghost completely misses you.
You barely miss SnakkuSnakku7's ghost.
SnakkuSnakku7's ghost is lightly damaged.
You feel very sick.
SnakkuSnakku7's ghost hits you but does no damage.
You are lethally poisoned!
You miss SnakkuSnakku7's ghost.
SnakkuSnakku7's ghost is lightly damaged.
* * * LOW HITPOINT WARNING * * *
You feel extremely sick. SnakkuSnakku7's ghost hits you.
* * * LOW HITPOINT WARNING * * *
You are more poisoned.
You hit SnakkuSnakku7's ghost.
Your headbutt misses SnakkuSnakku7's ghost.
SnakkuSnakku7's ghost is moderately damaged.
You die...

#...##..........#
#...#.........##
#............#
##...........##
##...........#
##....†.....#
#.........>..
##.#.........#
#..@#.......##
##W##.....###
#wwS#....##
#≈≈r#..###
#≈≈≈##.# #≈≈≈##.#
#≈$≈# .# #≈≈≈#


You could see 2 worms, SnakkuSnakku7's ghost, a ball python and a rat.

Vanquished Creatures
  Jessica (D:2)
  2 adders
  3 worms (D:2)
  6 ball pythons
  A bat (D:2)
  6 endoplasms
  4 giant cockroaches
  4 goblins
  3 hobgoblins
  2 jackals (D:4)
  2 quokkas (D:2)
  3 frilled lizards
  4 kobolds
  3 rats (D:2)
44 creatures vanquished.

Vanquished Creatures (others)
  3 plants (D:1)
3 creatures vanquished.

Grand Total: 47 creatures vanquished

Notes
Turn   | Place    | Note
-------+----------+-------------------------------------------
     0 | D:1      | Sanktem7 the Minotaur Fighter began the quest for the Orb.
     0 | D:1      | Reached XP level 1. HP: 19/19 MP: 0/0
   100 | D:1      | Reached XP level 2. HP: 23/27 MP: 1/1
   314 | D:1      | You fall into a shaft and drop 1 floor!
   851 | D:2      | Reached XP level 3. HP: 17/33 MP: 2/2
  1328 | D:2      | Noticed Jessica
  1333 | D:2      | Killed Jessica
  1334 | D:2      | Reached XP level 4. HP: 40/41 MP: 3/3
  1904 | D:3      | Found a faded altar of an unknown god.
  1942 | D:3      | Found Efuiffeme's Assorted Antiques.
  2124 | D:3      | Found a burning altar of Makhleb.
  2124 | D:3      | Found a broken altar of Ashenzari.
  2499 | D:4      | Found Ulouraa's CLEARANCE SALE!.
  2518 | D:4      | Found a runed translucent door.
  2531 | D:4      | Noticed SnakkuSnakku7's ghost (novice DjGl)
  2545 | D:4      | Succumbed to SnakkuSnakku7's ghost's poison

Illustrated notes

Levels and vault maps discovered:
D:1:      lightli_arrival_noodles, layout_loops_cross, serial_bayou_lagoon_a,
          grunt_decor_junction
D:2:      layout_rooms, uniq_jessica
D:3:      layout_loops_corners, minitemple, serial_shops, nicolae_shop_trees,
          ebering_ecumenical_altar_webs
D:4:      layout_cave_pods, kennysheep_mini, kennysheep_vampire_church,
          minmay_temple_entry_wispy, ebering_ghost_sewer_f,
          nicolae_shop_clearance, uniq_sigmund

Skill      XL: |  1  2 |
---------------+-------+-----
Fighting       | 4 |  4.8
Armour         | 4 |  4.9
Axes           | 3 |  3.6
Shields        | |  3.6

Action                   |  1- 3 |  4- 6 || total
-------------------------+-------+-------++-------
Melee: War axe           |    84 |    34 ||   118
       Headbutt          |     7 |     1 ||     8
Armor: Scale mail        |    43 |    23 ||    66
Dodge: Dodged            |    27 |    11 ||    38
Block: Buckler           |     9 |     5 ||    14
